Map: Ancient Cistern LE

Players

Brensted

  • Race: Terran Terran
  • League: Silver
  • Spawn Location: 7:00

MrSLOW - Winner!

  • Race: Protoss Protoss
  • League: Gold
  • Spawn Location: 1:00

VOD

Have the link to the VOD?

Description

Time

  • Played on: April 1, 2023, 10:53 a.m.
  • Length: 12:34
Show
View Real Time Build Order
Export as new Build Order

Brensted Terran 

Build Orders: 1/1/1 

Get SALT Encoding   

  12  0:00  SCV  
  13  0:12  SCV  
  14  0:18  Supply Depot  
  14  0:24  SCV  
  15  0:29  Refinery  
  15  0:41  Barracks  
  15  0:44  SCV  
  16  0:51  Refinery  
  16  0:56  SCV  
  17  1:08  SCV  
  18  1:20  SCV  
  19  1:30  Factory  
  19  1:31  Supply Depot  
  19  1:37  Orbital Command  
  19  1:42  Barracks Reactor  
  19  1:58  Supply Depot  
  19  2:03  SCV  
  20  2:15  Starport, SCV  
  21  2:17  Factory Tech Lab  
  21  2:20  Marine  
  22  2:23  Marine  
  23  2:32  SCV  
  23  2:36  Siege Tank  
  27  2:39  Marine  
  27  2:42  Marine  
  29  2:51  Medivac  
  29  2:55  Supply Depot  
  29  2:57  SCV  
  32  3:01  Marine  
  32  3:03  Marine  
  34  3:12  Siege Tank  
  37  3:25  Medivac  
  39  3:38  Marine x2  
  41  3:43  Supply Depot  
  41  3:56  Marine x2  
  38  4:23  Siege Tank  
  41  4:25  Medivac  
  41  4:26  Marine x2  
  45  4:31  Barracks  
  45  4:44  Marine  
  45  4:45  Marine, Command Center  
  47  4:55  SCV  
  47  4:58  Siege Tank  
  51  5:02  Medivac  
  51  5:04  Marine x2  
  55  5:34  Marine x2  
  57  5:45  Marine  
  58  5:51  Marine x2  
  58  5:53  Siege Tank  
  63  5:57  Medivac  
  63  6:03  Marine  
  57  6:09  Marine x2  
  59  6:21  Marine  
  56  6:27  Marine  
  52  6:35  Marine  
  52  6:36  Siege Tank  
  52  6:37  Medivac  
  52  6:39  Marine  
  59  6:45  Marine  
  60  6:53  Marine  
  61  6:56  Marine  
  61  6:57  SCV  
  63  7:03  Marine  
  64  7:08  Siege Tank  
  64  7:09  SCV  
  68  7:20  Marine x3  
  71  7:28  SCV  
  72  7:30  Refinery  
  66  7:38  Marine x3  
  66  7:40  Siege Tank, SCV  
  56  7:52  SCV  
  51  8:02  Medivac  
  51  8:05  SCV  
  54  8:08  Barracks  
  54  8:11  Barracks  
  54  8:13  Siege Tank  
  54  8:14  SCV  
  54  8:17  SCV  
  59  8:26  SCV  
  60  8:29  Barracks Reactor, SCV  
  61  8:35  Marine x2  
  63  8:45  Siege Tank  
  63  8:47  Orbital Command  
  66  8:52  Marine  
  66  8:53  Refinery, Marine  
  68  9:00  Marine x2  
  70  9:10  Marine x2  
  70  9:13  Medivac  
  70  9:15  Marine  
  70  9:16  Marine  
  76  9:18  Marine x2  
  78  9:35  Marine x4  
  78  9:36  Siege Tank, Marine  
  86  9:39  Marine  
  86  9:43  Medivac  
  89  9:53  Marine x3  
  89  9:54  SCV  
  93  10:06  SCV  
  94  10:25  Siege Tank  
  94  10:26  Supply Depot  
  97  10:28  Supply Depot  
  97  10:29  Supply Depot  
  97  10:30  Supply Depot  
  96  10:58  Siege Tank  
  60  11:21  Marine x5  
  60  11:22  Marine  
  66  11:30  Siege Tank  
  69  11:37  Engineering Bay  
  69  11:38  Engineering Bay  
  69  11:39  Marine x6  
  74  11:42  Armory  
  74  11:43  Armory  
  73  11:51  SCV  
  74  11:57  Marine x2  
  76  12:03  SCV  
  77  12:15  SCV  
Show
View Real Time Build Order
Export as new Build Order

MrSLOW Protoss - Winner!

Build Orders: Phoenix Opening 

Get SALT Encoding   

  12  0:00  Probe  
  13  0:12  Probe  
  14  0:17  Pylon  
  14  0:25  Probe (Chrono Boost)  
  15  0:37  Gateway, Probe (Chrono Boost)  
  16  0:45  Probe (Chrono Boost)  
  16  0:46  Assimilator  
  17  0:51  Probe  
  17  0:54  Assimilator  
  18  1:03  Probe (Chrono Boost), Pylon  
  19  1:15  Probe (Chrono Boost)  
  20  1:20  Probe (Chrono Boost)  
  21  1:26  Cybernetics Core  
  21  1:29  Probe  
  24  1:41  Probe  
  25  1:52  Nexus  
  23  1:54  Probe  
  23  1:58  Warp Gate  
  24  2:02  Sentry (Chrono Boost)  
  24  2:06  Probe  
  27  2:12  Pylon  
  27  2:18  Probe  
  27  2:22  Stalker (Chrono Boost)  
  30  2:30  Probe  
  30  2:31  Phoenix  
  31  2:40  Robotics Facility  
  31  2:42  Probe  
  32  2:48  Stalker  
  34  3:04  Probe x2  
  36  3:08  Gateway  
  36  3:09  Gateway  
  36  3:16  Probe x2  
  38  3:27  Observer (Chrono Boost)  
  38  3:32  Pylon  
  39  3:36  Shield Battery  
  39  3:39  Shield Battery  
  39  3:42  Pylon  
  39  3:46  Immortal  
  43  3:53  Stalker  
  45  4:04  Zealot x2  
  46  4:18  Probe x2 (Chrono Boost)  
  48  4:27  Immortal  
  48  4:30  Probe x2 (Chrono Boost)  
  54  4:38  Probe x2 (Chrono Boost)  
  56  4:44  Probe x2  
  56  4:52  Stalker x3  
  64  4:56  Probe x2  
  64  4:57  Assimilator  
  66  5:00  Assimilator  
  66  5:01  Pylon  
  66  5:08  Probe x2  
  68  5:16  Immortal (Chrono Boost)  
  72  5:23  Probe x2  
  74  5:30  Stalker x2  
  78  5:38  Pylon  
  78  5:48  Shield Battery  
  78  5:51  Nexus  
  78  5:54  Pylon  
  78  5:56  Probe x2  
  80  6:03  Zealot x2  
  84  6:08  Probe x2  
  86  6:20  Probe x2  
  81  6:29  Warp Prism (Chrono Boost)  
  81  6:32  Probe x2  
  84  6:40  Assimilator  
  84  6:44  Assimilator, Probe x2, Pylon  
  86  6:48  Pylon  
  86  6:49  Pylon  
  86  6:55  Forge, Twilight Council  
  86  6:56  Robotics Bay  
  86  6:57  Probe (Chrono Boost), Forge  
  86  6:58  Probe (Chrono Boost)  
  88  7:05  Probe (Chrono Boost)  
  90  7:09  Probe (Chrono Boost)  
  90  7:14  Probe (Chrono Boost)  
  90  7:15  Probe (Chrono Boost)  
  92  7:16  Probe (Chrono Boost)  
  92  7:20  Probe (Chrono Boost)  
  92  7:21  Probe  
  95  7:23  Probe  
  95  7:25  Stalker x3  
  102  7:33  Probe  
  95  7:41  Colossus (Chrono Boost)  
  95  7:42  Probe  
  95  7:43  Blink, Probe  
  89  7:45  Probe  
  89  7:48  Protoss Ground Armor Level 1, Protoss Ground Weapons Level 1  
  89  7:50  Extended Thermal Lance  
  92  7:51  Observer  
  92  7:54  Probe  
  92  7:55  Probe  
  78  8:10  Stalker x2  
  78  8:11  Stalker  
  84  8:23  Nexus  
  84  8:24  Pylon  
  84  8:25  Pylon  
  84  8:28  Assimilator  
  84  8:30  Colossus (Chrono Boost), Pylon  
  84  8:31  Probe x3  
  93  8:34  Assimilator  
  93  8:43  Probe  
  93  8:45  Pylon  
  93  8:47  Pylon  
  94  8:49  Pylon  
  94  8:52  Photon Cannon  
  94  8:56  Photon Cannon  
  94  8:57  Probe x2  
  94  8:58  Probe  
  97  9:04  Gateway x2  
  97  9:06  Gateway x2  
  97  9:09  Probe x2  
  99  9:10  Probe  
  99  9:11  Observer  
  99  9:14  Gateway  
  99  9:17  Gateway  
  100  9:20  Gateway  
  100  9:21  Colossus (Chrono Boost)  
  106  9:40  Stalker x3  
  106  9:41  Charge  
  112  9:47  Protoss Ground Weapons Level 2 (Chrono Boost), Protoss Ground Armor Level 2 (Chrono Boost)  
  112  9:48  Shield Battery  
  112  9:51  Photon Cannon  
  112  9:54  Photon Cannon  
  112  10:03  Robotics Facility  
  112  10:04  Robotics Facility  
  112  10:06  Robotics Facility  
  112  10:09  Immortal  
  116  10:17  Shield Battery  
  116  10:21  Shield Battery  
  116  10:22  Photon Cannon  
  116  10:27  Photon Cannon  
  116  10:29  Templar Archives  
  116  10:34  Photon Cannon  
  116  10:36  Photon Cannon  
  116  10:38  Stalker x2  
  116  10:39  Stalker x3  
  116  10:40  Zealot x2  
  130  10:44  Zealot x2  
  117  11:06  Immortal x3 (Chrono Boost)  
  117  11:11  Immortal (Chrono Boost)  
  125  11:22  High Templar x4  
  125  11:23  High Templar x5  
  125  11:24  High Templar  
  146  11:40  Probe x3  
  146  11:44  Archon  
  146  11:45  Archon x3  
  148  11:47  Archon  
  148  11:53  Assimilator  
  148  11:56  Zealot x4  
  148  11:57  Zealot x4  
  148  11:58  Zealot x2  
  148  11:59  Pylon  
  168  12:05  Probe x4  
  172  12:17  Probe  
  172  12:18  Probe x2  
  169  12:23  Nexus  
  169  12:26  Pylon  
Tags
 
Add a new tag
Caveats
  • Supply blocks, unpowered buildings, or Contaminate may cause inaccurate times.
  • Supply counts are checked every 10 seconds.